 Dungeon Crawl Stone Soup version 0.17.0-27-g4a3f43e (webtiles) character file.

27 Gorice the Skirmisher (level 2, -2/25 HPs)
             Began as a Demonspawn Wanderer on Nov 21, 2015.
             Slain by a quokka (4 damage)
             ... on level 2 of the Dungeon.
             The game lasted 00:03:36 (1140 turns).

Gorice the Skirmisher (Demonspawn Wanderer)         Turns: 1140, Time: 00:03:36

Health: -2/25      AC:  2    Str: 11    XL:     2   Next: 93%
Magic:  2/2        EV: 11    Int: 13    God:
Gold:   68         SH:  0    Dex: 13    Spells: 0 memorised, 1 level left

rFire  . . .     SeeInvis .     a - +2 dagger
rCold  . . .     Clarity  .     f - +0 robe
rNeg   . . .     SustAt   .     (no shield)
rPois  .         Gourm    .     (no helmet)
rElec  .         Spirit   .     (no cloak)
rCorr  .         Warding  .     (no gloves)
rMut   .         Stasis   .     (no boots)
MR     .....                    (no amulet)
Stlth  ++........               (no ring)
                                (no ring)

@: not resistant to hostile enchantments, unstealthy
A: demonic guardian 1
a: no special abilities


You were on level 2 of the Dungeon.
You were not hungry.

You visited 1 branch of the dungeon, and saw 2 of its levels.

You collected 68 gold pieces.

Inventory:

Hand Weapons
 a - a +2 dagger (weapon)
 b - a +0 shortbow
 k - a +0 hunting sling
 l - a +0 hand axe
Missiles
 d - 19 arrows
 m - 16 poisoned needles
 o - 13 poisoned arrows
 q - 16 sling bullets
Armour
 f - a +0 robe (worn)
Scrolls
 c - 2 scrolls of blinking
 e - a scroll of teleportation {!r}
 h - a scroll of magic mapping {unknown}
 j - a scroll of remove curse {unknown}
 n - a scroll of identify {unknown}
 r - a scroll of random uselessness {unknown}
Comestibles
 g - a bread ration {!e}
 i - 3 chunks of flesh
 p - a beef jerky


   Skills:
 + Level 4.1 Fighting
   Level 1.0 Polearms
 - Level 1.0 Dodging
 - Level 2.6 Stealth
   Level 1.0 Shields
   Level 1.0 Evocations


You had one spell level left.
You didn't know any spells.

Dungeon Overview and Level Annotations

Branches:
Dungeon (2/15)

Altars:
Okawaru


Innate Abilities, Weirdness & Mutations

A weak demonic guardian rushes to your aid.


Message History

The giant cockroach is almost dead.
The giant cockroach closely misses you.
You hit the giant cockroach.
You kill the giant cockroach!
The kobold throws a stone.
The stone barely misses you.
A goblin comes into view. It is wielding a dagger.
The goblin shouts!
The kobold hits you but does no damage.
You barely miss the kobold.
The kobold hits you with a dagger of freezing.
The kobold freezes you.
Damage: 2 (max 2)
You hit the kobold but do no damage. The rat closely misses you.
The kobold closely misses you.
You barely miss the kobold. The rat bites you. The kobold barely misses you.
Damage: 1 (max 2)
You hit the kobold but do no damage. The rat bites you.
The kobold hits you with a dagger of freezing.
The kobold freezes you.
Damage: 7 (max 7)
You hit the kobold.
You kill the kobold!
The rat bites you but does no damage.
A quokka comes into view.
You hit the goblin.
You kill the goblin!
The rat barely misses you.
Things that are here:
2 stones; 23 sling bullets You hit the rat.
You kill the rat!
The quokka barely misses you.
You see here a rat corpse.
You hit the quokka but do no damage. The quokka misses you.
You hit the quokka.
The quokka is moderately wounded.
The quokka bites you.
* * * LOW HITPOINT WARNING * * *
Damage: 1 (max 7)
You completely miss the quokka.
The quokka is moderately wounded.
The quokka bites you.
* * * LOW HITPOINT WARNING * * *
Damage: 5 (max 7)
You hit the quokka but do no damage.
The quokka is moderately wounded.
The quokka completely misses you.
You aren't carrying any potions.
The quokka bites you.
You die...

##.## #..# .. ..... ##.### #.#
#.... #### #...# ..#### ##...
... ###.## .#.... ...####.###
.####..##...### #..##.....##
..........###..# #(.#.......#
.#####.#.###....##..#.......#.
#...# #....@r..(..._.....
#..## #....##.?#.......# ##)##
##.......#.......#
##...#######....##.r...##
#...............####.###
#..#.#######.......(...
###..#.# ..#..##....##
##....#.# #.....# #...
##..#.##.# #..##... ..


You could see a quokka.

Vanquished Creatures
  A worm (D:2)
  4 giant cockroaches
  6 goblins
  2 hobgoblins
  A bat (D:1)
  A giant newt (D:1)
  A kobold (D:2)
  9 rats
25 creatures vanquished.

Notes
Turn   | Place    | Note
--------------------------------------------------------------
     0 | D:1      | Gorice the Demonspawn Wanderer began the quest for the Orb.
     0 | D:1      | Gorice set off with: a +2 dagger, a scroll of blinking, a +0 shortbow, 22 arrows, a scroll of teleportation {!r}, a +0 robe, a bread ration {!e}
     0 | D:1      | Reached XP level 1. HP: 18/18 MP: 1/1
   460 | D:1      | Gained mutation: A weak demonic guardian rushes to your aid. [demonic ancestry]
   460 | D:1      | Reached XP level 2. HP: 24/24 MP: 2/2
  1008 | D:2      | Reached skill level 4 in Fighting
  1111 | D:2      | Found an iron altar of Okawaru.
  1137 | D:2      | HP: 7/25 [quokka (2)]
  1138 | D:2      | HP: 2/25 [quokka (5)]
  1140 | D:2      | Slain by a quokka

Action                   || total
-------------------------++-------
Melee: Dagger            ||    79
 Fire: Shortbow          ||    13
 Stab: Sleeping          ||     1
  Eat: Chunk             ||     1

Table legend:
 A = Turns spent in this place as a percentage of turns spent in the entire game.
 B = Non-inter-level travel turns spent in this place as a percentage of non-inter-level travel turns spent in the entire game.
 C = Inter-level travel turns spent in this place as a percentage of turns spent in this place.
 D = Turns resting spent in this place as a percentage of non-inter-level travel turns spent in this place.
 E = Turns spent auto-exploring this place as a percentage of non-inter-level travel turns spent in this place.
 F = Non-inter-level travel turns spent in this place divided by the number of levels of this place that you've seen.
                   A       B       C       D       E      F
               +-------+-------+-------+-------+-------+----------------------
         Total | 100.0 | 100.0 |   0.3 |   0.5 |   6.0 | 190.5
       Dungeon | 100.0 | 100.0 |   0.3 |   0.5 |   6.0 | 190.5
               +-------+-------+-------+-------+-------+----------------------

Vault maps used:
D:1:      lemuel_arrival_funnel, st_stairs_4
D:2:      lemuel_crystal_altar, old_standard_altar
